[Event "41st Amateur D7"]
[Site "ChessGUI4"]
[Date "2013.07.09"]
[Round "26.4"]
[White "Gibbon 2.57a 64-bit"]
[Black "FireFly 2.6.0 64-bit"]
[Result "1-0"]
[BlackElo "2258"]
[ECO "E38"]
[EventDate "2013.??.??"]
[TimeControl "40/1500:40/1500:40/1500"]
[WhiteElo "2251"]

{ i5 Quad } 1.d4 Nf6 2.c4 e6 3.Nc3 Bb4 4.Qc2 c5 5.dxc5 Qc7 6.Nf3 a6 7.e3 Bxc5 8.b3 Be7 9.Bb2 Nc6
{ [%eval -34,11] [%emt 0:00:57] (O-O) } 10.Be2
{ [%eval 19,14] [%emt 0:00:49] (a3) } 10...O-O
{ [%eval -28,11] [%emt 0:00:56] (O-O) } 11.O-O
{ [%eval 21,14] [%emt 0:01:29] (O-O) } 11...Rd8
{ [%eval -45,10] [%emt 0:00:56] (b6) } 12.Rfd1
{ [%eval 28,13] [%emt 0:00:30] (a3) } 12...Nb4
{ [%eval -44,11] [%emt 0:00:55] (Nb4) } 13.Qb1
{ [%eval 30,14] [%emt 0: 00:36] (Qb1) } 13...d5
{ [%eval -48,11] [%emt 0:00:54] (d6) } 14.a3
{ [%eval 58,13] [%emt 0:00:24] (a3) } 14...Nc6
{ [%eval -49,11] [%emt 0:00:53] (Nc6) } 15.cxd5
{ [%eval 40,12] [%emt 0:00:29] (Qc2) } 15...exd5
{ [%eval -34,10] [%emt 0:00:52] (exd5) } 16.Qc2
{ [%eval 45,12] [%emt 0:00:21] (e4) } 16...Bg4
{ [%eval -37,10] [%emt 0:00:51] (Bg4) } 17.Rac1
{ [%eval 35,12] [%emt 0:00:36] (Ng5) } 17...Rac8
{ [%eval -14,10] [%emt 0:00:51] (Rac8) } 18.Ng5
{ [%eval 32,11] [%emt 0:00:26] (Ng5) } 18...g6
{ [%eval -25,10] [%emt 0:00:50] (g6) } 19.Nf3
{ [%eval 18,12] [%emt 0:00:52] (b4) } 19...Bf5
{ [%eval -28,10] [%emt 0:00:49] (Bxf3) } 20.Qd2
{ [%eval 43,11] [%emt 0:00: 14] (Qd2) } 20...Qb8
{ [%eval -38,10] [%emt 0:00:48] (Be6) } 21.Qe1
{ [%eval 52,11] [%emt 0:00:19] (Nd4) } 21...b5
{ [%eval -28,10] [%emt 0:00:47] (Qa7) } 22.Na2
{ [%eval 43,11] [%emt 0:00:46] (Qd2) } 22...Ne4
{ [%eval -10,10] [%emt 0:00:46] (Qb7) } 23.Bd3
{ [%eval 53,11] [%emt 0:00:23] (Bd3) } 23...Bd6
{ [%eval -6,10] [%emt 0:00:45] (Bd6) } 24.h3
{ [%eval 49,11] [%emt 0:00:21] (g3) } 24...Re8
{ [%eval -4,10] [%emt 0: 00:44] (b4) } 25.Nb4
{ [%eval 60,11] [%emt 0:00:11] (Kf1) } 25...Nxb4
{ [%eval 9,12] [%emt 0:00:43] (Bxb4) } 26.axb4
{ [%eval 70,10] [%emt 0:00:03] (axb4) } 26...h6
{ [%eval 10,11] [%emt 0:00:35] (f6) } 27.Ra1
{ [%eval 62,11] [%emt 0:00:11] (Ra1) } 27...Qb7
{ [%eval -6,10] [%emt 0:00:35] (Qb7) } 28.Nd4
{ [%eval 60,11] [%emt 0:00:12] (Ra3) } 28...Bd7
{ [%eval 0,11] [%emt 0:00:34] (Bd7) } 29.Ra5
{ [%eval 61,12] [%emt 0: 00:24] (Nf3) } 29...Be5
{ [%eval 11,10] [%emt 0:00:34] (Bc7) } 30.Rda1
{ [%eval 74,12] [%emt 0:00:17] (Rda1) } 30...Ra8
{ [%eval 14,9] [%emt 0:00:33] (Bxd4) } 31.R1a2
{ [%eval 79,12] [%emt 0:00:22] (Rc1) } 31...Qb8
{ [%eval 0,10] [%emt 0:00:33] (Bc7) } 32.Rxa6
{ [%eval 156,12] [%emt 0:00:19] (f4) } 32...Rxa6
{ [%eval -80,11] [%emt 0:00:32] (Rxa6) } 33.Rxa6
{ [%eval 169,12] [%emt 0:00:20] (Rxa6) } 33...Bc8
{ [%eval -72,10] [%emt 0:00:32] (Bh2) } 34.Ra5
{ [%eval 211,12] [%emt 0:00:10] (Nc6) } 34...Bd7
{ [%eval -117,10] [%emt 0:00:31] (Bd7) } 35.Qe2
{ [%eval 212,12] [%emt 0:00:11] (Bxb5) } 35...Bh2+
{ [%eval -122,10] [%emt 0:00:31] (Bf6) } 36.Kh1
{ [%eval 236,13] [%emt 0:00:12] (Kf1) } 36...Bc7
{ [%eval -98,11] [%emt 0:00:30] (Be5) } 37.Bxb5
{ [%eval 192,13] [%emt 0:00:11] (Bxb5) } 37...Bg3
{ [%eval -65,11] [%emt 0:00:29] (Bxa5) } 38.f3
{ [%eval 241,13] [%emt 0:00:15] (f3) } 38...Bxb5
{ [%eval -162,11] [%emt 0:00: 29] (Nf2) } 39.Rxb5
{ [%eval 178,13] [%emt 0:00:06] (Rxb5) } 39...Nf2+
{ [%eval -128, 11] [%emt 0:00:22] (Nf2) } 40.Kg1
{ [%eval 220,14] [%emt 0:00:19] (Kg1) } 40...Qd6
{ [%eval -113,10] [%emt 0:00:22] (Qe5) } 41.Qd2
{ [%eval 339,14] [%emt 0:00:48] (Rc5) } 41...Nd1
{ [%eval -283,10] [%emt 0:00:40] (Bh4) } 42.Qxd1
{ [%eval 494,15] [%emt 0:00:47] (Qxd1) } 42...Rxe3
{ [%eval -500,11] [%emt 0:00:36] (Rxe3) } 43.Nc2
{ [%eval 457,14] [%emt 0:00:47] (Nc2) } 43...Rxb3
{ [%eval -492,12] [%emt 0:00:35] (Rxb3) } 44.Qd4
{ [%eval 498,15] [%emt 0:01:17] (Rxd5) } 44...Rxb2
{ [%eval -482,12] [%emt 0:00:37] (Rxb2) } 45.Qxb2
{ [%eval 508,14] [%emt 0:00:10] (Qxb2) } 45...Bh2+
{ [%eval -513,11] [%emt 0:00:35] (Be5) } 46.Kh1
{ [%eval 542,16] [%emt 0:00:52] (Kh1) } 46...Be5
{ [%eval -662,13] [%emt 0:00:35] (Qd7) } 47.Qb3
{ [%eval 609,16] [%emt 0:00:45] (Qa2) } 1-0

[Event "41st Amateur D7"]
[Site "ChessGUI4"]
[Date "2013.07.09"]
[Round "26.5"]
[White "Butcher 1.64 64-bit"]
[Black "Tigran 2.3 64-bit"]
[Result "1-0"]
[BlackElo "2289"]
[ECO "E58"]
[EventDate "2013.??.??"]
[TimeControl "40/1500:40/1500:40/1500"]
[WhiteElo "2355"]

{ i5 Quad } 1.d4 Nf6 2.c4 e6 3.Nc3 Bb4 4.e3 O-O 5.Bd3 c5 6.Nf3 d5 7.O-O Nc6 8.a3 Bxc3 9.bxc3 b6
{ [%eval -33,12] [%emt 0:00: 42] (b6) } 10.dxc5
{ [%eval 6,11] [%emt 0:01:00] (Re1) } 10...bxc5
{ [%eval -7,13] [%emt 0:00:42] (bxc5) } 11.Qa4
{ [%eval 18,11] [%emt 0:00:59] (Qa4) } 11...Bd7
{ [%eval -8,14] [%emt 0:00:42] (Ne7) } 12.Qc2
{ [%eval 4,12] [%emt 0:00:57] (Qc2) } 12...Rb8
{ [%eval -4,13] [%emt 0:00:42] (Rb8) } 13.Rb1
{ [%eval -2,11] [%emt 0:00:57] (Rb1) } 13...Rxb1
{ [%eval 16,14] [%emt 0:00:43] (Rxb1) } 14.Qxb1
{ [%eval -12,12] [%emt 0:00:54] (Qxb1) } 14...Qc7
{ [%eval 23,14] [%emt 0:00:43] (dxc4) } 15.Qc2
{ [%eval -1,13] [%emt 0:01:03] (cxd5) } 15...Rb8
{ [%eval 24,13] [%emt 0:00:35] (Na5) } 16.h3
{ [%eval -7,11] [%emt 0:01:00] (Rd1) } 16...Ne5
{ [%eval 28,14] [%emt 0:00:43] (dxc4) } 17.Nxe5
{ [%eval 1,13] [%emt 0:01:01] (Nxe5) } 17...Qxe5
{ [%eval 25,14] [%emt 0:00:43] (Qxe5) } 18.cxd5
{ [%eval 0,13] [%emt 0:01:00] (Rd1) } 18...exd5
{ [%eval 21,14] [%emt 0:00:44] (exd5) } 19.c4
{ [%eval 0,12] [%emt 0:00:58] (c4) } 19...dxc4
{ [%eval 19,13] [%emt 0:00:36] (dxc4) } 20.Bxc4
{ [%eval 0,12] [%emt 0:00: 57] (Bxc4) } 20...h6
{ [%eval 16,12] [%emt 0:00:44] (Be6) } 21.f3
{ [%eval 2,11] [%emt 0:00:46] (Rd1) } 21...Bb5
{ [%eval 20,12] [%emt 0:00:44] (Bb5) } 22.Rd1
{ [%eval 1,12] [%emt 0:00:48] (Bxb5) } 22...Bxc4
{ [%eval 11,14] [%emt 0:00:45] (Bxc4) } 23.Qxc4
{ [%eval 7,12] [%emt 0:00:47] (Qxc4) } 23...Qc7
{ [%eval 5,14] [%emt 0:00:40] (Qc7) } 24.e4
{ [%eval 16,12] [%emt 0:00:47] (e4) } 24...Rb1
{ [%eval -1,14] [%emt 0:00:45] (Rb1) } 25.f4
{ [%eval 8,12] [%emt 0:00:39] (Qc2) } 25...Nh7
{ [%eval -1,14] [%emt 0:00:46] (Qe7) } 26.Kh2
{ [%eval 29,12] [%emt 0:00:46] (e5) } 26...Nf8
{ [%eval 10,13] [%emt 0: 00:46] (Nf8) } 27.e5
{ [%eval 32,12] [%emt 0:00:38] (Kg1) } 27...Ne6
{ [%eval -25,13] [%emt 0:00:43] (Rb6) } 28.Rd6
{ [%eval 52,12] [%emt 0:00:41] (Rd6) } 28...g6
{ [%eval -49,13] [%emt 0:00:47] (Rb6) } 29.f5
{ [%eval 78,12] [%emt 0:00:38] (f5) } 29...gxf5
{ [%eval -91,14] [%emt 0:00:40] (gxf5) } 30.Bxh6
{ [%eval 91,12] [%emt 0:00:44] (Bxh6) } 30...Rb6
{ [%eval -93,13] [%emt 0:00:47] (Rb2) } 31.Rd3
{ [%eval 125,12] [%emt 0:00:43] (Qh4) } 31...Nf8
{ [%eval -99,13] [%emt 0:00:41] (Qe7) } 32.Bf4
{ [%eval 125,12] [%emt 0:00:41] (Bf4) } 32...Qe7
{ [%eval -102,13] [%emt 0:00:50] (Qe7) } 33.Qc2
{ [%eval 136,12] [%emt 0:00:38] (Rg3) } 33...Rg6
{ [%eval -119,15] [%emt 0:00: 51] (Ng6) } 34.Rc3
{ [%eval 154,12] [%emt 0:00:34] (Rg3) } 34...Ne6
{ [%eval -102,15] [%emt 0:00:51] (Ne6) } 35.Qxf5
{ [%eval 155,11] [%emt 0:00:33] (Qxf5) } 35...Qb7
{ [%eval -102,13] [%emt 0:00:52] (Kg7) } 36.Rg3
{ [%eval 158,12] [%emt 0:00:30] (Rg3) } 36...Rxg3
{ [%eval -120,15] [%emt 0:00:53] (Rxg3) } 37.Bxg3
{ [%eval 176,12] [%emt 0:00:27] (Bxg3) } 37...Qb2
{ [%eval -144,14] [%emt 0:00:55] (Qd5) } 38.Qf3
{ [%eval 163,13] [%emt 0:00:25] (Qg4) } 38...Kg7
{ [%eval -136,14] [%emt 0:00:56] (Kg7) } 39.Qf6+
{ [%eval 175,12] [%emt 0:00:22] (Qg4) } 39...Kg8
{ [%eval -73,16] [%emt 0:00: 59] (Kg8) } 40.Qf3
{ [%eval 164,12] [%emt 0:00:15] (Qe7) } 40...Kg7
{ [%eval 0,20] [%emt 0:00:52] (Kg7) } 41.Qg4+
{ [%eval 164,13] [%emt 0:00:49] (Qg4) } 41...Kh7
{ [%eval -126,14] [%emt 0:00:30] (Kh7) } 42.Qe4+
{ [%eval 139,14] [%emt 0:00:49] (Qe4) } 42...Kg7
{ [%eval -109,15] [%emt 0:00:34] (Kg7) } 43.Qe3
{ [%eval 131,14] [%emt 0:00:48] (Bh4) } 43...Qd4
{ [%eval -118,14] [%emt 0:00:34] (Qd4) } 44.Bf2
{ [%eval 149,14] [%emt 0:00:45] (Qe2) } 44...Qxe3
{ [%eval -114,17] [%emt 0:00:34] (Qxe3) } 45.Bxe3
{ [%eval 161,14] [%emt 0:00:48] (Bxe3) } 45...a5
{ [%eval -122,17] [%emt 0:00:29] (c4) } 46.Kg3
{ [%eval 185,15] [%emt 0:00:53] (h4) } 46...Kg6
{ [%eval -155,18] [%emt 0:00:35] (Kg6) } 47.Kg4
{ [%eval 208,14] [%emt 0:00:52] (Kg4) } 47...c4
{ [%eval -178,17] [%emt 0:00:35] (c4) } 48.h4
{ [%eval 241,14] [%emt 0:00:51] (h4) } 48...a4
{ [%eval -232,17] [%emt 0:00:35] (a4) } 49.h5+
{ [%eval 250,15] [%emt 0: 00:47] (h5) } 49...Kh7
{ [%eval -239,19] [%emt 0:00:35] (Kh7) } 50.Kf3
{ [%eval 278,15] [%emt 0:00:50] (Kf5) } 50...Nc7
{ [%eval -228,20] [%emt 0:00:29] (Nc7) } 51.Ke4
{ [%eval 262,15] [%emt 0:00:49] (Ke4) } 51...Nb5
{ [%eval -228,18] [%emt 0:00:35] (Nb5) } 52.Bc5
{ [%eval 259,14] [%emt 0:00:49] (Kd5) } 52...Kh6
{ [%eval -211,17] [%emt 0:00: 35] (Kg8) } 53.g4
{ [%eval 250,14] [%emt 0:00:48] (Kd5) } 53...Kg7
{ [%eval -192,17] [%emt 0:00:35] (Kh7) } 54.g5
{ [%eval 306,14] [%emt 0:00:41] (g5) } 54...Kh7
{ [%eval -239,17] [%emt 0:00:28] (Kh7) } 55.e6
{ [%eval 374,14] [%emt 0:01:05] (Be7) } 55...fxe6
{ [%eval -272,18] [%emt 0:00:31] (fxe6) } 56.g6+
{ [%eval 407,14] [%emt 0: 00:38] (Be7) } 56...Kg7
{ [%eval -267,19] [%emt 0:00:30] (Kg7) } 57.Bd4+
{ [%eval 406, 14] [%emt 0:00:38] (Bd4) } 57...Kh6
{ [%eval -300,19] [%emt 0:00:37] (Kh6) } 58.Be5
{ [%eval 439,14] [%emt 0:00:32] (Be3) } 58...c3
{ [%eval -312,17] [%emt 0:00:37] (c3) } 59.Kd3
{ [%eval 384,15] [%emt 0:00:38] (Kd3) } 59...c2
{ [%eval -299,16] [%emt 0:00: 37] (c2) } 60.Kxc2
{ [%eval 441,15] [%emt 0:00:37] (Bf4) } 60...Nxa3+
{ [%eval -372,20] [%emt 0:00:37] (Nxa3) } 61.Kd3
{ [%eval 473,16] [%emt 0:01:01] (Kd3) } 61...Nb5
{ [%eval -372,19] [%emt 0:00:37] (Nb5) } 62.Bf4+
{ [%eval 509,15] [%emt 0:01:01] (Bf4) } 62...Kg7
{ [%eval -343,20] [%emt 0:00:35] (Kg7) } 63.Bb8
{ [%eval 487,14] [%emt 0:00:32] (Bb8) } 63...Kh6
{ [%eval -372,19] [%emt 0:00:32] (Kh6) } 64.Kc4
{ [%eval 475,14] [%emt 0:00:32] (Kc4) } 64...Na3+
{ [%eval -373,20] [%emt 0:00:38] (Na3) } 65.Kc5
{ [%eval 565,14] [%emt 0:00:32] (Kb4) } 65...Kg7
{ [%eval -383,18] [%emt 0: 00:39] (Nc2) } 66.Be5+
{ [%eval 677,14] [%emt 0:00:29] (Be5) } 66...Kh6
{ [%eval -454, 18] [%emt 0:00:39] (Kh6) } 67.Bf4+
{ [%eval 715,14] [%emt 0:00:28] (Bf4) } 67...Kg7
{ [%eval -538,19] [%emt 0:00:39] (Kg7) } 68.Kd6
{ [%eval 859,13] [%emt 0:00:25] (Bg3) } 68...Nb5+
{ [%eval -982,16] [%emt 0:00:35] (Kf6) } 69.Ke7
{ [%eval 957,14] [%emt 0:00:25] (Ke7) } 69...Na7
{ [%eval -1071,16] [%emt 0:00:40] (Na7) } 70.Be5+
{ [%eval 1013,13] [%emt 0:00:25] (Be5) } 70...Kh6
{ [%eval -1405,17] [%emt 0:00:35] (Kh6) } 1-0

[Event "41st Amateur D7"]
[Site "ChessGUI4"]
[Date "2013.07.09"]
[Round "27.1"]
[White "ProChess 1.02AD"]
[Black "Carballo 0.8"]
[Result "0-1"]
[BlackElo "2273"]
[ECO "C73"]
[EventDate "2013.??.??"]
[TimeControl "40/1500:40/1500:40/1500"]
[WhiteElo "2244"]

{ i5 Quad } 1.e4 e5 2.Nf3 Nc6 3.Bb5 a6 4.Ba4 d6 5.Bxc6+ bxc6 6.d4 f6 7.Be3 Ne7 8.c4 Ng6 9.Nc3 Be7
{ [%eval -38,13] [%emt 0:00: 37] (f5) } 10.Qb3
{ [%eval 36,11] [%emt 0:01:39] (O-O) } 10...O-O
{ [%eval -24,13] [%emt 0:00:36] (O-O) } 11.c5+
{ [%eval 34,11] [%emt 0:00:39] (c5) } 11...Kh8
{ [%eval -18,13] [%emt 0:00:35] (Rf7) } 12.O-O-O
{ [%eval 34,11] [%emt 0:00:51] (h3) } 12...Bg4
{ [%eval -6,12] [%emt 0:00:34] (Qe8) } 13.Kb1
{ [%eval 23,11] [%emt 0:00:42] (Qc4) } 13...Qb8
{ [%eval 14,11] [%emt 0:00:33] (Qe8) } 14.Qxb8
{ [%eval 10,12] [%emt 0:00:32] (d5) } 14...Raxb8
{ [%eval 43,14] [%emt 0:00:32] (Rfxb8) } 15.cxd6
{ [%eval 0, 13] [%emt 0:00:42] (h3) } 15...cxd6
{ [%eval 58,12] [%emt 0:00:32] (Bxd6) } 16.h4
{ [%eval 7,12] [%emt 0:00:46] (Ka1) } 16...h5
{ [%eval 69,13] [%emt 0:00:31] (f5) } 17.d5
{ [%eval 0,12] [%emt 0:00:40] (Rd2) } 17...c5
{ [%eval 91,15] [%emt 0:00:30] (f5) } 18.Rd2
{ [%eval 0,12] [%emt 0:00:38] (Rdg1) } 18...f5
{ [%eval 116,15] [%emt 0:00:29] (Kg8) } 19.Bg5
{ [%eval -5,13] [%emt 0:00:30] (Bg5) } 19...fxe4
{ [%eval 119,16] [%emt 0:00:29] (fxe4) } 20.Bxe7
{ [%eval -31,15] [%emt 0:00:37] (Bxe7) } 20...exf3
{ [%eval 144,17] [%emt 0:00:28] (exf3) } 21.Bxf8
{ [%eval -62,15] [%emt 0:00:26] (Bxf8) } 21...fxg2
{ [%eval 145,17] [%emt 0:00:27] (fxg2) } 22.Rg1
{ [%eval -101,16] [%emt 0: 00:43] (Rg1) } 22...Rxf8
{ [%eval 163,18] [%emt 0:00:26] (Rxf8) } 23.Rxg2
{ [%eval -91, 17] [%emt 0:00:32] (Rxg2) } 23...Nxh4
{ [%eval 156,17] [%emt 0:00:26] (Nxh4) } 24.Rg3
{ [%eval -98,16] [%emt 0:00:34] (Rxg4) } 24...Rf4
{ [%eval 170,15] [%emt 0:00:25] (Nf3) } 25.Kc1
{ [%eval -58,14] [%emt 0:00:21] (Re3) } 25...Nf3
{ [%eval 179,15] [%emt 0:00: 24] (Nf5) } 26.Rd1
{ [%eval -68,13] [%emt 0:00:20] (Rd3) } 26...h4
{ [%eval 195,16] [%emt 0:00:24] (h4) } 27.Rg2
{ [%eval -130,15] [%emt 0:00:39] (Rh1) } 27...g5
{ [%eval 210,17] [%emt 0:00:23] (Kg8) } 28.Rh1
{ [%eval -117,14] [%emt 0:00:21] (Rh1) } 28...Nd4
{ [%eval 205,15] [%emt 0:00:23] (Bf5) } 29.Re1
{ [%eval -73,13] [%emt 0:00:26] (Rhh2) } 29...h3
{ [%eval 223,15] [%emt 0:00:22] (h3) } 30.Rh1
{ [%eval -83, 14] [%emt 0:00:21] (Rh1) } 30...Kg7
{ [%eval 219,17] [%emt 0:00:21] (Kg7) } 31.Rg3
{ [%eval -83,13] [%emt 0:00:18] (Rxg4) } 31...Kg6
{ [%eval 227,15] [%emt 0:00:21] (Bf5) } 32.Rh2
{ [%eval -93,13] [%emt 0:00:22] (Rh2) } 32...Nf3
{ [%eval 215,14] [%emt 0:00: 20] (Kf5) } 33.Rh1
{ [%eval -89,15] [%emt 0:00:34] (Rh1) } 33...Nd4
{ [%eval 222,16] [%emt 0:00:20] (Kf5) } 34.Rh2
{ [%eval 0,21] [%emt 0:00:19] (Rh2) } 34...Bf5
{ [%eval 218,15] [%emt 0:00:19] (Kf5) } 35.Kd1
{ [%eval -94,13] [%emt 0:00:17] (b3) } 35...a5
{ [%eval 229,15] [%emt 0:00:19] (Kf6) } 36.b3
{ [%eval -97,13] [%emt 0:00:28] (Ne2) } 36...Kf6
{ [%eval 234,15] [%emt 0:00:18] (Kf6) } 37.Re3
{ [%eval -115,13] [%emt 0:00:17] (Rhxh3) } 37...Nf3
{ [%eval 270,16] [%emt 0:00:18] (e4) } 38.Rh1
{ [%eval -145,14] [%emt 0:00:13] (Rh1) } 38...Rd4+
{ [%eval 261,16] [%emt 0:00:17] (Rd4) } 39.Kc1
{ [%eval -165,14] [%emt 0:00:13] (Kc1) } 39...g4
{ [%eval 247,14] [%emt 0:00: 17] (g4) } 40.Re2
{ [%eval -190,14] [%emt 0:00:28] (a3) } 40...Rd3
{ [%eval 290,15] [%emt 0:00:17] (h2) } 41.Ne4+
{ [%eval -201,16] [%emt 0:01:03] (Ne4) } 41...Bxe4
{ [%eval 304,20] [%emt 0:00:54] (Bxe4) } 42.Rxe4
{ [%eval -221,18] [%emt 0:01:09] (Rxe4) } 42...Kf5
{ [%eval 299,17] [%emt 0:00:52] (Kf5) } 43.Re2
{ [%eval -221,17] [%emt 0:01:12] (Rc4) } 43...Rxd5
{ [%eval 297,17] [%emt 0:00:51] (Rxd5) } 44.Rb2
{ [%eval -226,16] [%emt 0:01:47] (Re3) } 44...Rd4
{ [%eval 323,16] [%emt 0:00:50] (e4) } 45.Re2
{ [%eval -235,16] [%emt 0:01:09] (Re2) } 45...a4
{ [%eval 324,14] [%emt 0:00: 48] (h2) } 46.bxa4
{ [%eval -230,15] [%emt 0:00:40] (Re3) } 46...Rxa4
{ [%eval 334,13] [%emt 0:00:47] (Rxa4) } 47.Rb2
{ [%eval -234,14] [%emt 0:00:58] (Kb1) } 47...h2
{ [%eval 340,13] [%emt 0:00:46] (d5) } 48.Kb1
{ [%eval -241,15] [%emt 0:01:06] (Kb1) } 48...Re4
{ [%eval 349,14] [%emt 0:00:45] (Re4) } 49.Rb8
{ [%eval -249,14] [%emt 0:00:49] (Rb8) } 49...Re2
{ [%eval 354,13] [%emt 0:00:44] (c4) } 50.Rf8+
{ [%eval -260,15] [%emt 0:00:45] (Rf8) } 50...Ke6
{ [%eval 340,14] [%emt 0:00:43] (Ke6) } 51.Rg8
{ [%eval -268,15] [%emt 0:00:46] (Rg8) } 51...Kf5
{ [%eval 346,12] [%emt 0:00: 42] (c4) } 52.Rf8+
{ [%eval 0,24] [%emt 0:00:44] (Rf8) } 52...Ke6
{ [%eval 343,14] [%emt 0:00:40] (Kg5) } 53.Rg8
{ [%eval 0,23] [%emt 0:00:35] (Rg8) } 53...Rxf2
{ [%eval 341,12] [%emt 0:00:39] (Rxf2) } 54.Rxg4
{ [%eval -278,14] [%emt 0:00:56] (Rxg4) } 54...d5
{ [%eval 340,11] [%emt 0:00:38] (c4) } 55.Rg6+
{ [%eval -278,14] [%emt 0:04:06] (Rg6) } 55...Kf7
{ [%eval 352,13] [%emt 0:00:37] (Kf5) } 56.Rc6
{ [%eval -268,12] [%emt 0:00:23] (Rc6) } 56...c4
{ [%eval 352,12] [%emt 0:00:37] (c4) } 57.Rc7+
{ [%eval -275,13] [%emt 0:00:45] (Rc7) } 57...Kg6
{ [%eval 355,13] [%emt 0:00: 36] (Ke6) } 58.Rc6+
{ [%eval -287,13] [%emt 0:00:29] (Rc8) } 58...Kf5
{ [%eval 394,14] [%emt 0:00:35] (Kf5) } 59.Rh6
{ [%eval -390,12] [%emt 0:00:19] (Rc1) } 59...Rg2
{ [%eval 513,14] [%emt 0:00:34] (Rg2) } 60.Rd1
{ [%eval -590,15] [%emt 0:01:14] (Rc1) } 60...Kg5
{ [%eval 470,14] [%emt 0:00:33] (Rg1) } 61.Rh7
{ [%eval -639,15] [%emt 0:03:32] (Rh3) } 61...Rg1
{ [%eval 1073,14] [%emt 0:00:32] (Rg1) } 62.Rxh2
{ [%eval -891,15] [%emt 0:00:26] (Kc2) } 62...Rxd1+
{ [%eval 1775,15] [%emt 0:00:31] (Rxd1) } 63.Kc2
{ [%eval -1138,17] [%emt 0:00:18] (Kc2) } 63...Nxh2
{ [%eval 2297,14] [%emt 0:00:31] (Nxh2) } 64.Kxd1
{ [%eval -1336,16] [%emt 0:00:28] (Kxd1) } 64...d4
{ [%eval 2237,12] [%emt 0:00:30] (d4) } 0-1